 Dungeon Crawl Stone Soup version 0.29-a0-356-g7bc237e783 (webtiles) character file.

Game seed: 6413722840810518478

1295 chopper the Chopper (level 8, 0/70 HPs)
             Began as a Minotaur Fighter on Apr 27, 2022.
             Slain by a two-headed ogre
             ... wielding a +0 giant club
              (19 damage)
             ... on level 8 of the Dungeon.
             The game lasted 00:34:51 (5980 turns).

chopper the Chopper (Minotaur Fighter)              Turns: 5980, Time: 00:34:52

Health: 0/70       AC: 17    Str: 22    XL:     8   Next: 30%
Magic:  7/7        EV:  7    Int:  5    God:
Gold:   415        SH:  0    Dex: 17    Spells: 7/7 levels left

rFire   . . .      SeeInvis .   d - +2 dire flail (protect)
rCold   . . .      Faith    .   (shield currently unavailable)
rNeg    . . .      Spirit   .   B - +0 plate armour
rPois   .          Reflect  .   (helmet restricted)
rElec   .          Harm     .   D - +0 cloak
rCorr   .          Rampage  .   o - +0 pair of gloves
Will    +....                   z - +0 pair of boots
Stlth   ..........              (no amulet)
HPRegen 0.21/turn               w - ring of willpower
MPRegen 0.10/turn               b - +6 ring of dexterity

@: about to teleport
A: horns 2, retaliatory headbutt
a: no special abilities


You were on level 8 of the Dungeon.
You visited 1 branch of the dungeon, and saw 7 of its levels.

You collected 415 gold pieces.

Inventory:

Hand Weapons
 a - a +0 war axe
 d - a +2 dire flail of protection (weapon)
 f - a +1 dagger of electrocution
 C - a +4 quarterstaff of chaos
 E - the +5 mace of Bodily Harmony {flame, rElec rCorr Str-5 Int-4}
   (You found it on level 2 of the Dungeon)

   It burns those it strikes, dealing additional fire damage.
   Str:       It affects your strength (-5).
   Int:       It affects your intelligence (-4).
   rElec:     It insulates you from electricity.
   rCorr:     It protects you from acid and corrosion.
Missiles
 g - 5 boomerangs of dispersal (quivered)
 r - a throwing net
Armour
 c - a +0 buckler
 o - a +0 pair of gloves (worn)
 s - a scarf of shadows
 z - a +0 pair of boots (worn)
 B - a +0 plate armour (worn)
 D - a +0 cloak (worn)
Jewellery
 b - a +6 ring of dexterity (right hand)
 i - a ring of protection from fire
 w - a ring of willpower (left hand)
Scrolls
 e - 5 scrolls of teleportation
 h - 4 scrolls of vulnerability
 j - a scroll of magic mapping {unknown}
 k - a scroll of noise
 q - a scroll of fog
 t - a scroll of enchant armour {unknown}
 v - a scroll of blinking {unknown}
 y - a scroll of fear {unknown}
Potions
 l - a potion of invisibility
 m - a potion of mutation {unknown}
 n - 5 potions of curing
 p - 3 potions of haste {unknown}
 u - a potion of flight {unknown}
 x - 2 potions of heal wounds {unknown}
 A - a potion of berserk rage {unknown}
 F - 2 potions of might
 G - a potion of lignification {unknown}


   Skills:
 + Level 6.1 Fighting
 + Level 7.3(7.7) Axes
 + Level 3.4(5.8) Maces & Flails
 + Level 7.2 Armour
 + Level 1.0 Dodging
 + Level 1.1 Stealth
 + Level 5.0 Shields


You had 7 spell levels left.
You didn't know any spells.
Your spell library contained the following spells:

 Spells                   Type           Power      Damage    Failure   Level
 Blink                    Tloc           0%         N/A       100%        2
 Ensorcelled Hibernation  Hex/Ice        0%         N/A       100%        2
 Spider Form              Tmut/Pois      0%         N/A       100%        3
 Anguish                  Hex/Necr       0%         N/A       100%        4
 Manifold Assault         Tloc           0%         N/A       100%        5
 Storm Form               Tmut/Air       0%         N/A       100%        7


Dungeon Overview and Level Annotations

Branches:
Dungeon (6/15)
 Temple: D:4-7

Altars:
Ashenzari
Makhleb
Sif Muna


Innate Abilities, Weirdness & Mutations

You have a pair of horns on your head.
You reflexively headbutt those who attack you in melee.


Message History

A killer bee comes into view.
The killer bee moves out of view.
You see here 11 gold pieces.
The killer bee stings you.
You are poisoned.
The killer bee poisons you!
You feel sick.
The killer bee stings you but does no damage.
The killer bee attacks as you move away!
The killer bee stings you.
Found 20 gold pieces.
You feel sick. The killer bee barely misses you. You furiously retaliate!
You headbutt the killer bee, but do no damage.
The killer bee attacks as you move away!
The killer bee stings you but does no damage.
You feel sick. The killer bee barely misses you. You furiously retaliate!
You headbutt the killer bee.
You feel sick. The killer bee stings you.
You are more poisoned.
The killer bee poisons you!
The killer bee attacks as you move away!
The killer bee barely misses you. You furiously retaliate!
You headbutt the killer bee.
You feel sick.
The killer bee stings you but does no damage.
You feel sick. The killer bee barely misses you.
You feel sick.
The two-headed ogre shouts in stereo!
The killer bee barely misses you. You furiously retaliate!
You headbutt the killer bee!
You kill the killer bee!
Your base Maces & Flails skill increases to level 3!
You feel sick.
You feel sick.
You feel sick.
As you read the scroll of teleportation, it crumbles to dust.
You feel strangely unstable.
You feel sick.
Found an escape hatch in the floor.
You feel sick.
You are no longer poisoned.
The two-headed ogre attacks as you move away!
The two-headed ogre hits you with a +0 giant club!!
You die...

###.###..####### ###.##
#. y.##........#...# .#
#. #.
.#.###.........####.###..
.. ...
#.#.#.......#....... ..[
... .###.............$#
#### ##.
#...##.#.......##.# #
##.## ##...!..### #
#.##...#####.#.O.#
#...........$##@##
####...########.# ##.##
#.# #...# #.# #..... #.#
#...### #.# ##### #># #.#


You could see a two-headed ogre.

Vanquished Creatures
  Edmund (D:5)
  A water moccasin (D:8)
  A black bear (D:6)
  An ice beast (D:5)
  A sky beast (D:8)
  2 phantoms
  A scorpion (D:5)
  A killer bee (D:8)
  A jelly (D:6)
  6 hounds
  Crazy Yiuf (D:2)
  3 iguanas (D:5)
  An orc wizard (D:4)
  8 gnolls
  6 adders
  A dart slug (D:1)
  3 orcs
  8 endoplasms
  4 giant cockroaches
  2 goblins
  4 hobgoblins
  3 jackals (D:3)
  3 quokkas
  7 ball pythons
  7 bats
  3 frilled lizards
  5 kobolds
  4 rats
89 creatures vanquished.

Vanquished Creatures (others)
  5 plants (D:4)
5 creatures vanquished.

Grand Total: 94 creatures vanquished

Notes
Turn   | Place    | Note
-------+----------+-------------------------------------------
     0 | D:1      | chopper the Minotaur Fighter began the quest for the Orb.
     0 | D:1      | Reached XP level 1. HP: 19/19 MP: 0/0
   410 | D:1      | Reached XP level 2. HP: 27/27 MP: 1/1
   536 | D:1      | Found a faded altar of an unknown god.
  1538 | D:2      | Reached XP level 3. HP: 25/33 MP: 2/2
  1680 | D:2      | Found a runed translucent door.
  1681 | D:2      | Noticed Crazy Yiuf
  2161 | D:3      | Found a shimmering blue altar of Sif Muna.
  2212 | D:3      | Reached XP level 4. HP: 32/40 MP: 3/3
  2915 | D:4      | Reached XP level 5. HP: 12/47 MP: 4/4
  3183 | D:4      | Reached skill level 5 in Armour
  3355 | D:4      | Reached skill level 5 in Axes
  3367 | D:4      | Noticed a phantom
  3406 | D:4      | Killed a phantom
  3407 | D:4      | Reached XP level 6. HP: 43/53 MP: 5/5
  4117 | D:5      | Entered Level 5 of the Dungeon
  4118 | D:5      | Found a large runed translucent door.
  4118 | D:5      | Found a large runed translucent door.
  4378 | D:5      | Identified a scroll of acquirement
  4379 | D:5      | Acquired a +6 ring of dexterity
  4460 | D:5      | Reached skill level 5 in Fighting
  4491 | D:5      | Reached XP level 7. HP: 61/61 MP: 6/6
  4530 | D:5      | Noticed Edmund
  4543 | D:5      | Killed Edmund
  4933 | D:5      | Found a burning altar of Makhleb.
  4938 | D:5      | Found a broken altar of Ashenzari.
  5032 | D:2      | Killed Crazy Yiuf
  5033 | D:2      | Reached skill level 1 in Maces & Flails
  5044 | D:2      | Identified the +5 mace of Bodily Harmony {flame, rElec
                  | rCorr Str-5 Int-4}
  5505 | D:6      | Reached skill level 1 in Stealth
  5505 | D:6      | Reached skill level 5 in Shields
  5667 | D:6      | Reached skill level 1 in Dodging
  5667 | D:6      | Reached XP level 8. HP: 57/70 MP: 7/7
  5761 | D:6      | You fall into a shaft and drop 2 floors!
  5942 | D:8      | Noticed a two-headed ogre
  5980 | D:8      | Slain by a two-headed ogre

Illustrated notes

Levels and vault maps discovered:
D:1:      sevenhm_arrival_forest_fort_large_1, layout_basic,
          shapermc_ecumenical_altar_notcrosses, minmay_misc_feat_doors,
          interstate_on_off
D:2:      layout_rooms, minivault_19, minmay_misc_feat_pillars,
          hangedman_abyss_or_decor_stabs, uniq_crazy_yiuf_cottage
D:3:      minmay_recursive_quarters, layout_basic, led_sif_pool
D:4:      layout_cave_pools, serial_bayou, serial_bayou_pond_d,
          serial_bayou_shore_a, serial_bayou_shore_b, serial_bayou_lagoon_b,
          serial_bayou_pond_d, roderic_lattice_a
D:5:      layout_loops_cross, jmf_multi_god_temple2, kennysheep_generic_room_11,
          uniq_edmund, uniq_menkaure
D:6:      layout_basic
D:8:      layout_loops_ring

Skill      XL: |  1  2  3  4  5  6  7  8 |
---------------+-------------------------+-----
Fighting       | 4 5 6 |  6.1
Shields        | 4 5 |  5.0
Armour         | 4 5 7 |  7.2
Axes           | 3 4 5 6 7 |  7.3
Maces & Flails | 1 3 |  3.4
Stealth        | 1 |  1.1
Dodging        | 1 |  1.0

Action                   |  1- 3 |  4- 6 |  7- 9 || total
-------------------------+-------+-------+-------++-------
Melee: War axe           |    81 |   133 |     9 ||   223
       Headbutt          |     6 |    13 |    14 ||    33
       Dire flail        |       |       |    51 ||    51
  Use: Scroll            |       |     7 |     3 ||    10
       Potion            |       |       |     1 ||     1
Armor: Scale mail        |    29 |       |       ||    29
       Chain mail        |    38 |    98 |     1 ||   137
       Plate armour      |       |       |    42 ||    42
Dodge: Dodged            |    42 |    51 |    35 ||   128
Block: Buckler           |    32 |    47 |     3 ||    82

Table legend: (Time is in decaauts)
 A = Elapsed time spent in this place.
 B = Non-inter-level travel time spent in this place.
 C = Inter-level travel time spent in this place.
 D = Time resting spent in this place.
 E = Time spent auto-exploring this place.
 F = Levels seen in this place.
 G = Mean time per level.
                   A        B        C        D        E       F      G
               +--------+--------+--------+--------+--------+-----+--------+
         Total |   6102 |   6102 |      0 |    456 |      0 |   7 |  871.7 |
       Dungeon |   6102 |   6102 |      0 |    456 |      0 |   7 |  871.7 |
               +--------+--------+--------+--------+--------+-----+--------+

Top non-repeatable levels by time:
     D:3: 1154 daAuts
     D:4: 1153 daAuts
     D:1: 1067 daAuts
     D:2: 994 daAuts
     D:5: 981 daAuts
     D:6: 531 daAuts
     D:8: 219 daAuts
